 Dungeon Crawl Stone Soup version 0.31-a0-325-g067879e3d3 (webtiles) character file.

Game seed: 8675028954320394044

1178 Jackthecabe the Caller (level 8, -2/57 HPs)
             Began as a Mummy Ice Elementalist on July 18, 2023.
             Was a Believer of Ashenzari.
             Slain by a sky beast (5 damage)
             ... on level 7 of the Dungeon.
             The game lasted 00:15:31 (5912 turns).

Jackthecabe the Caller (Mummy Ice Elementalist)     Turns: 5912, Time: 00:15:32

Health: -2/57      AC:  3    Str: 11    XL:     8   Next: 18%
Magic:  7/14       EV: 12    Int: 17    God:    Ashenzari [**....]
Gold:   193        SH:  0    Dex: 12    Spells: 4/15 levels left

rFire   x . .        g - +1 spear (venom)
rCold   + . .        (no shield)
rNeg    + + +        a - +0 robe of the Wild Blue Yonder {Alch, Cun} (curse)
rPois   ∞            (no helmet)
rElec   .            (no cloak)
rCorr   +            d - +0 pair of gloves "Share My Omen" {Alch, Self} (curse)
SInv    +            (no boots)
Will    +....        (no amulet)
Stlth   ++           R - ring of Ashenzari's Bitterness {rCorr, Melee, Alch} (curse)
HPRegen 0.29/turn    (no ring)
MPRegen 0.14/turn

%: faith
@: very slightly contaminated
A: cold resistance 1, negative energy resistance 3, torment resistance 2, heat
vulnerability 1, in touch with death 1, no potions, faith
a: Renounce Religion, Shatter the Chains


You were on level 7 of the Dungeon.
You worshipped Ashenzari.
Ashenzari was pleased with you.
You visited 1 branch of the dungeon, and saw 6 of its levels.
You also visited: Sewer.

You collected 193 gold pieces.


Innate Abilities, Weirdness & Mutations

You are immune to poison.
Your flesh is cold resistant. (rC+)
You are immune to negative energy. (rN+++)
You are immune to unholy pain and torment.
You are vulnerable to heat. (rF-)
You are in touch with the powers of death.
You do not drink.
You have a special connection with the divine. (Faith)


   Skills:
 - Level 2.0(2.9) Fighting
 - Level 1.5(2.4) Dodging
 - Level 1.5(2.4) Stealth
 - Level 3.0(4.0) Spellcasting
 + Level 6.8 Summonings
 - Level 5.0 Ice Magic


You had 4 spell levels left.
You knew the following spells:

 Your Spells              Type           Power      Damage    Failure   Level
b - Summon Ice Beast      Ice/Summ       23%        N/A       14%         4
f - Freeze                Ice            80%        1d9       1%          1
o - Ozocubu's Armour      Ice            20%        N/A       6%          3
r - Frozen Ramparts       Ice            40%        1d7       6%          3

Your spell library contained the following spells:

 Spells                   Type           Power      Damage    Failure   Level
 Inner Flame              Hex/Fire       3%         N/A       43%         3
 Flame Wave               Conj/Fire      3%         2d5       83%         4
 Sticky Flame             Conj/Fire      3%         2d3       83%         4
 Summon Forest            Summ/Tloc      7%         N/A       71%         5
 Summon Mana Viper        Hex/Summ       15%        N/A       71%         5
 Summon Cactus Giant      Summ           13%        N/A       82%         6

Inventory:

Hand Weapons
 e - a +0 dagger
 g - a +1 spear of venom (weapon)
Missiles
 l - a throwing net {=f}
Armour
 a - the cursed +0 robe of the Wild Blue Yonder (worn) {Alch, Cun}

   It has a curse which improves the following skills: Alchemy: Poison Magic and
   Transmutations.
   Cunning:   Dodging and Stealth.
 d - the cursed +0 pair of gloves "Share My Omen" (worn) {Alch, Self}
   (You found it on level 1 of the Dungeon)

   It has a curse which improves the following skills: Alchemy: Poison Magic and
   Transmutations.
   Introspection: Fighting and Spellcasting.
Jewellery
 R - the cursed ring of Ashenzari's Bitterness (left hand) {rCorr, Melee, Alch}
   (You found it on level 2 of the Dungeon)

   [ring of resist corrosion]

   rCorr:     It protects you from acid and corrosion.
   It has a curse which improves the following skills: Melee Combat: Short
   Blades, Long Blades, Axes, Maces & Flails, Polearms, Staves and Unarmed
   Combat.
   Alchemy:   Poison Magic and Transmutations.
Wands
 m - a wand of charming (5)
Scrolls
 b - 2 scrolls of fog
 c - a scroll of fear
 f - a scroll of enchant armour
 h - a scroll of immolation
 i - a scroll of poison
 j - a scroll of vulnerability
 k - a scroll of brand weapon
 n - a scroll of amnesia
 o - 2 scrolls of revelation
 p - a scroll of enchant weapon
 q - a scroll of blinking

Dungeon Overview and Level Annotations

Branches:
Dungeon (5/15)              Sewer (visited)
 Temple: D:4-7

Altars:
Ashenzari
Cheibriados
Fedhas
Okawaru
Trog
Yredelemnul

Annotations:
D:4 1 runed translucent door, Crazy Yiuf

,, , , * , , , ,, , , ,* ,
*** * ## , * .# * ** *) * ,,
, ..# *#. ,, { *..# * ## .
#############..# **
##.##.#..............# *
#.#.#.#.#.#.#######.....## ,
.#..#..#....# #@Y##...##, **
, ..#...#...#.# #.Y.#...# ,
...#....#...# ##Y.#...#+ * *
, .#.....#/...#
#F###.....### ,
.....#......# #.............
.Y#.......#.# #......8......
..z...).....# #....Y........
,
....#######.#######.....####
##### #....# ,+#...#..


You could see an ice beast (ally target), a sky beast and a friendly ice beast
(summoned).


Message History

Press: ? - help, Shift-Dir - straight line, f/p - ice beast
Aim: an ice beast (ally target, chance to affect: 49%)
The ice beast resists with some effort.
The ice beast hits you.
* * * LOW HITPOINT WARNING * * *
The ice beast freezes you. You resist.
* * * LOW HITPOINT WARNING * * *
The sky beast hits you.
* * * LOW HITPOINT WARNING * * *
The sky beast shocks you.
* * * LOW HITPOINT WARNING * * *
Your ice beast closely misses the ice beast.
Unknown command.
Aiming: Charm
Press: ? - help, Shift-Dir - straight line, f/p - ice beast
Aim: an ice beast (ally target, chance to affect: 49%)
The ice beast resists with some effort.
The ice beast closely misses you. The sky beast barely misses you.
Your ice beast hits the ice beast but does no damage.
Unknown command.
Aiming: Charm
Press: ? - help, Shift-Dir - straight line, f/p - ice beast
Aim: an ice beast (ally target, chance to affect: 49%)
The ice beast resists with some effort.
The ice beast hits you.
* * * LOW HITPOINT WARNING * * *
The ice beast freezes you. You resist.
* * * LOW HITPOINT WARNING * * *
The sky beast hits you.
* * * LOW HITPOINT WARNING * * *
The sky beast shocks you.
You die...

Skill      XL: |  1  2  3  4  5  6  7 |
---------------+----------------------+-----
Ice Magic      | 4 5 |  5.0
Spellcasting   | 3 |  3.0
Summonings     | 1 3 5 6 |  6.8
Fighting       | 1 2 |  2.0
Dodging        | |  1.5
Stealth        | |  1.5

Action                     |  1- 3 |  4- 6 |  7- 9 || total
---------------------------+-------+-------+-------++-------
  Melee: Spear             |     2 |    82 |    82 ||   166
         Punch             |       |     1 |     1 ||     2
   Cast: Freeze            |    54 |    46 |    25 ||   125
         Frozen Ramparts   |       |    12 |    16 ||    28
         Ozocubu's Armour  |       |     1 |     2 ||     3
         Summon Ice Beast  |       |       |     3 ||     3
 Invoke: Curse Item        |       |     1 |     2 ||     3
  Evoke: Wand              |       |       |     9 ||     9
    Use: Scroll            |       |     1 |     2 ||     3
   Stab: Sleeping          |     1 |     7 |     1 ||     9
 Armour: Robe              |     8 |    13 |    18 ||    39
  Dodge: Dodged            |    21 |    46 |    89 ||   156

Levels and vault maps discovered:
D:1:      sevenhm_arrival_forest_fort_small_5, layout_loops_ring
D:2:      minmay_angry_zag, layout_loops_ring, basic_altar, serial_bayou_lake_a
D:3:      layout_basic, chequers_temple_overflow_statue_of_worship,
          shapermc_ecumenical_altar_notcrosses, uniq_ijyb
D:4:      layout_rooms, uniq_crazy_yiuf_cottage
D:5:      layout_basic, fedhas_altar_2, grunt_gozag_breadcrumbs,
          portal_sewer_entry_e, uniq_prince_ribbit1
D:7:      layout_basic, mainiacjoe_overflow_catwalk,
          minmay_temple_entry_drinking_statues, grunt_ministairs_6,
          minmay_increasing_density

Notes
Turn   | Place    | Note
-------+----------+-------------------------------------------
     0 | D:1      | Jackthecabe the Mummy Ice Elementalist began the quest for
                  | the Orb.
     0 | D:1      | Reached XP level 1. HP: 13/13 MP: 4/4
   390 | D:1      | Reached XP level 2. HP: 19/19 MP: 1/5
   906 | D:2      | Found a basalt altar of Yredelemnul.
   933 | D:2      | Reached skill level 4 in Ice Magic
   933 | D:2      | Reached skill level 3 in Spellcasting
   933 | D:2      | Gained mutation: You are in touch with the powers of death.
                  | [Mummy growth]
   933 | D:2      | Reached XP level 3. HP: 21/24 MP: 1/7
   938 | D:2      | Learned a level 3 spell: Frozen Ramparts
  1399 | D:2      | Reached XP level 4. HP: 25/30 MP: 3/8
  1476 | D:2      | Learned a level 4 spell: Summon Ice Beast
  2202 | D:3      | Found a bloodstained altar of Trog.
  2202 | D:3      | Found a broken altar of Ashenzari.
  2202 | D:3      | Found an iron altar of Okawaru.
  2202 | D:3      | Found a snail-covered altar of Cheibriados.
  2207 | D:3      | Became a worshipper of Ashenzari the Shackled
  2272 | D:3      | Noticed Ijyb
  2573 | D:3      | Reached skill level 5 in Ice Magic
  2577 | D:3      | Reached skill level 1 in Summonings
  2701 | D:3      | Reached XP level 5. HP: 35/35 MP: 4/9
  2994 | D:3      | Killed Ijyb
  2995 | D:3      | Reached skill level 2 in Summonings
  3083 | D:3      | Found a faded altar of an unknown god.
  3496 | D:4      | Reached skill level 3 in Summonings
  3531 | D:4      | Reached XP level 6. HP: 39/41 MP: 5/10
  3590 | D:4      | Learned a level 3 spell: Ozocubu's Armour
  3858 | D:4      | Found a runed translucent door.
  3859 | D:4      | Noticed Crazy Yiuf
  4112 | D:5      | Entered Level 5 of the Dungeon
  4112 | D:5      | Found a blossoming altar of Fedhas.
  4179 | D:5      | Noticed a water moccasin
  4181 | D:5      | Noticed Prince Ribbit
  4187 | D:5      | Killed a water moccasin
  4188 | D:5      | Reached skill level 4 in Summonings
  4191 | D:5      | Killed Prince Ribbit
  4192 | D:5      | Reached skill level 5 in Summonings
  4192 | D:5      | Reached skill level 1 in Fighting
  4192 | D:5      | Reached XP level 7. HP: 41/49 MP: 2/11
  4232 | D:5      | Found a glowing drain.
  4262 | Sewer    | Entered a sewer
  4389 | Sewer    | Reached skill level 2 in Fighting
  4621 | Sewer    | Reached * piety under Ashenzari
  5320 | D:5      | Reached skill level 6 in Summonings
  5630 | D:5      | Reached XP level 8. HP: 54/57 MP: 4/13
  5637 | D:5      | Reached ** piety under Ashenzari
  5733 | D:5      | You fall into a shaft and drop 2 floors!
  5912 | D:7      | HP: 4/57 [ice beast (4)]
  5912 | D:7      | Slain by a sky beast

Vanquished Creatures
  Prince Ribbit (D:5)
  A water moccasin (D:5)
  A scorpion (D:5)
  2 bullfrogs (Sewer)
  A howler monkey (D:5)
  A gnoll bouda (D:5)
  3 iguanas
  Ijyb (D:3)
  12 gnolls
  5 river rats (Sewer)
  12 adders
  A white imp (D:7)
  3 worms
  A dart slug (D:5)
  10 orcs
  21 ball pythons
  7 endoplasms
  3 giant cockroaches
  4 hobgoblins
  7 kobolds
  3 quokkas
  4 frilled lizards
  8 goblins
  23 rats
135 creatures vanquished.

Vanquished Creatures (collateral kills)
  A wight (D:7)
  2 howler monkeys (D:7)
  A white imp (D:7)
4 creatures vanquished.

Vanquished Creatures (others)
  A steam dragon (D:7)
  An ice beast (D:7)
2 creatures vanquished.

Grand Total: 141 creatures vanquished

Table legend: (Time is in decaauts)
 A = Elapsed time spent in this place.
 B = Non-inter-level travel time spent in this place.
 C = Inter-level travel time spent in this place.
 D = Time resting spent in this place.
 E = Time spent auto-exploring this place.
 F = Levels seen in this place.
 G = Mean time per level.
                   A        B        C        D        E       F      G
               +--------+--------+--------+--------+--------+-----+--------+
         Total |   6076 |   5922 |    154 |    652 |   4056 |   7 |  868.0 |
       Dungeon |   5012 |   4858 |    154 |    379 |   3500 |   6 |  835.3 |
         Sewer |   1063 |   1063 |      0 |    273 |    556 |   1 | 1063.0 |
               +--------+--------+--------+--------+--------+-----+--------+

Top non-repeatable levels by time:
     D:3: 1482 daAuts
     D:2: 1145 daAuts
   Sewer: 1063 daAuts
     D:1: 890 daAuts
     D:5: 662 daAuts
     D:4: 652 daAuts
     D:7: 179 daAuts

Table legend:
 A = Non-vault XP
 B = Vault XP
 C = Vault XP percentage of total XP
 D = Non-vault monster count
 E = Vault monster count
 F = Vault count percentage of total count
                 A         B        C        D         E       F
            +---------+---------+-------+---------+---------+-------
      Total |     898 |     786 |  46.7 |      87 |      52 |  37.4
            +---------+---------+-------+---------+---------+-------
        D:1 |      28 |       0 |   0.0 |      16 |       0 |   0.0
        D:2 |      76 |      16 |  17.4 |      16 |       3 |  15.8
        D:3 |     198 |      38 |  16.1 |      28 |       1 |   3.4
        D:4 |      85 |       0 |   0.0 |      14 |       0 |   0.0
        D:5 |     432 |     277 |  39.1 |      11 |       1 |   8.3
        D:7 |      79 |     124 |  61.1 |       2 |       4 |  66.7
      Sewer |       0 |     331 | 100.0 |       0 |      43 | 100.0
            +---------+---------+-------+---------+---------+-------
